 Dungeon Crawl Stone Soup version 0.28-a0-1130-gc51a68064b (webtiles) character file.

Game seed: 14598433144824816183

10 ytrimaz the Insei (level 2, -3/18 HPs)
             Began as an Octopode Transmuter on Dec 12, 2021.
             Frozen to death by an endoplasm (4 damage)
             ... on level 1 of the Dungeon.
             The game lasted 00:00:35 (840 turns).

ytrimaz the Insei (Octopode Transmuter)              Turns: 840, Time: 00:00:36

Health: -3/18      AC:  1    Str:  9    XL:     2   Next: 20%
Magic:  4/5        EV: 13    Int: 15    God:
Gold:   20         SH:  0    Dex: 12    Spells: 4/5 levels left

rFire   . . .      SeeInvis .     - Unarmed
rCold   . . .      Faith    .   (no shield)
rNeg    . . .      Spirit   .   (helmet currently unavailable)
rPois   .          Reflect  .   (no amulet)
rElec   .          Harm     .   (no ring)
rCorr   .          Rampage  .   (no ring)
Will    .....                   (no ring)
Stlth   ++........              (no ring)
HPRegen 0.06/turn               (no ring)
MPRegen 0.09/turn               (no ring)
                                (no ring)
                                (no ring)

@: appendages (expiring)
A: tentacle spike 3, almost no armour, amphibious, 8 rings, camouflage 1,
gelatinous body 1, (nimble swimmer 1), tentacles
a: End Transformation


You were on level 1 of the Dungeon.
One of your tentacles had grown a beastly spike.
You visited 1 branch of the dungeon, and saw 1 of its levels.

You collected 20 gold pieces.

Inventory:

Scrolls
 a - a scroll of enchant armour
 b - a scroll of enchant weapon {unknown}
 c - a scroll of noise {unknown}
Potions
 d - a potion of curing {unknown}


   Skills:
 * Level 1.2 Fighting
 * Level 2.1 Dodging
 + Level 3.1 Unarmed Combat
 * Level 2.1 Spellcasting
 * Level 2.1 Transmutations


You had 4 spell levels left.
You knew the following spells:

 Your Spells              Type           Power      Damage    Failure   Level
a - Beastly Appendage     Tmut           16%        N/A       9%          1

Your spell library contained the following spells:

 Spells                   Type           Power      Damage    Failure   Level
 Wereblood                Tmut           8%         N/A       14%         2
 Spider Form              Tmut/Pois      4%         N/A       38%         3
 Ice Form                 Ice/Tmut       4%         N/A       80%         4


Dungeon Overview and Level Annotations

Branches:
Dungeon (1/15)

Altars:


Innate Abilities, Weirdness & Mutations

One of your tentacles has grown a beastly spike.
You cannot wear most types of armour.
You are amphibious.
You can wear up to eight rings at the same time.
Your skin changes colour to match your surroundings (Stealth+).
Your rubbery body absorbs attacks. (AC +1, EV +1)
((You are camouflaged near water. (Stealth+)))
You have tentacles for arms and can constrict up to eight enemies at once.


Message History

An endoplasm comes into view.
The endoplasm quivers.
The endoplasm hits you.
An endoplasm is nearby!
An endoplasm is nearby!
One of your tentacles grows a vicious spike.
The endoplasm barely misses you. The endoplasm freezes you.
You are frozen.
You see here 13 gold pieces.
The endoplasm freezes you.
You are frozen.
The endoplasm freezes you.
You are frozen.
You tentacle-slap the endoplasm but do no damage.
The endoplasm closely misses you.
You tentacle-slap the endoplasm.
You pierce the endoplasm, but do no damage.
The endoplasm is lightly wounded.
The endoplasm freezes you.
You are frozen.
You tentacle-slap the endoplasm.
The endoplasm is lightly wounded.
The endoplasm barely misses you.
You tentacle-slap the endoplasm but do no damage.
The endoplasm is lightly wounded.
The endoplasm hits you.
* * * LOW HITPOINT WARNING * * *
You tentacle-slap the endoplasm but do no damage.
You pierce the endoplasm, but do no damage.
The endoplasm is lightly wounded.
The endoplasm freezes you.
You are frozen.
* * * LOW HITPOINT WARNING * * *
You tentacle-slap the endoplasm but do no damage.
The endoplasm is lightly wounded.
Your transformation is almost over.
The endoplasm freezes you.
You are frozen.
You die...

#..............>......
#.#.#.##.......###...# .
#.#.#+##.............+..
#.#.................##..
#.#.................###.
#.#......##.........# #.
#######.#......##.........###
#.......#......#............#
###.#####....@.#........#...#
#.# #.....J#........#...##
#.# #.....$...............
#.# ........##........#####.
#.# #.###...#####...........
#.# # .#...# ##........##.
#.# ...... ............. #.#
###.... ............. #.#
#.#...... ...........


You could see an endoplasm.

Vanquished Creatures
  A bat (D:1)
  An endoplasm (D:1)
  A goblin (D:1)
  2 ball pythons (D:1)
  A frilled lizard (D:1)
  2 kobolds (D:1)
  3 rats (D:1)
11 creatures vanquished.

Notes
Turn   | Place    | Note
-------+----------+-------------------------------------------
     0 | D:1      | ytrimaz the Octopode Transmuter began the quest for the
                  | Orb.
     0 | D:1      | Reached XP level 1. HP: 13/13 MP: 3/3
   248 | D:1      | Found a faded altar of an unknown god.
   369 | D:1      | Reached XP level 2. HP: 18/18 MP: 3/5
   840 | D:1      | Frozen to death by an endoplasm

Illustrated notes

Levels and vault maps discovered:
D:1:      eino_arrival_cavern_a, layout_basic,
          ebering_ecumenical_altar_abandoned, lemuel_old_faithful

Action                   || total
-------------------------++-------
Melee: Unarmed           ||    33
       Kick              ||     8
       Constrict         ||     4
       Tentacles         ||     1
 Cast: Beastly Appendage ||     9
  Use: Scroll            ||     2
 Stab: Sleeping          ||     1
Armor: Skin              ||     4
Dodge: Dodged            ||    18

Table legend: (Time is in decaauts)
 A = Elapsed time spent in this place.
 B = Non-inter-level travel time spent in this place.
 C = Inter-level travel time spent in this place.
 D = Time resting spent in this place.
 E = Time spent auto-exploring this place.
 F = Levels seen in this place.
 G = Mean time per level.
                   A        B        C        D        E       F      G
               +--------+--------+--------+--------+--------+-----+--------+
         Total |    838 |    838 |      0 |      0 |    718 |   1 |  838.0 |
       Dungeon |    838 |    838 |      0 |      0 |    718 |   1 |  838.0 |
               +--------+--------+--------+--------+--------+-----+--------+

Top non-repeatable levels by time:
     D:1: 838 daAuts
